 Dungeon Crawl Stone Soup version 0.27.0-1-g7a089689b8 (console) character file.

Game seed: 7509170847721701235

903 jejorda2 the Sneak (level 8, 0/42 HPs)
             Began as a Vine Stalker Delver on Aug 13, 2021.
             Engulfed by a steam dragon's steam (4 damage)
             ... on level 6 of the Dungeon.
             The game lasted 00:07:33 (1811 turns).

jejorda2 the Sneak (Vine Stalker Delver)            Turns: 1811, Time: 00:07:33

Health: 0/42       AC:  6    Str: 16    XL:     8   Next: 7%
Magic:  0/9        EV: 10    Int: 10    God:
Gold:   112        SH:  0    Dex: 17    Spells: 7/7 levels left

rFire    . . .     SeeInvis .   a - +1 short sword
rCold    . . .     Faith    .   (no shield)
rNeg     . . .     Spirit   +   l - +0 scale mail
rPois    .         Reflect  .   (no helmet)
rElec    .         Harm     .   (no cloak)
rCorr    .         Rampage  .   (no gloves)
Will     +....                  (no boots)
Stlth    ++........             (no amulet)
HPRegen  1.14/turn              (no ring)
MPRegen  0.11/turn              (no ring)

@: no status effects
A: fangs 3, regeneration 1, magic shield, antimagic bite, no potion heal 2
a: no special abilities


You were on level 6 of the Dungeon.
You visited 1 branch of the dungeon, and saw 3 of its levels.

You collected 112 gold pieces.

Inventory:

Hand Weapons
 a - a +1 short sword (weapon)
 d - a +0 dagger
Missiles
 h - 5 javelins (quivered)
 j - a throwing net
 o - 25 stones
Armour
 l - a +0 scale mail (worn)
Jewellery
 n - a ring of wizardry
Wands
 g - a wand of digging (3)
 m - a wand of mindburst (14)
Scrolls
 c - 3 scrolls of fog
 e - a scroll of fear
 k - a scroll of vulnerability
Potions
 b - 2 potions of might
 f - a potion of haste
 i - a potion of lignification {unknown}
 p - a potion of degeneration {unknown}
 q - a potion of heal wounds {unknown}


   Skills:
 + Level 4.8 Fighting
 * Level 6.0 Short Blades
 + Level 3.4 Armour
 - Level 1.5 Dodging
 - Level 6.0 Stealth


You had 7 spell levels left.
You didn't know any spells.
Your spell library contained the following spells:

 Spells                   Type           Power      Damage    Failure   Level
 Shock                    Conj/Air       0%         1d3       78%         1
 Inner Flame              Hex/Fire       0%         N/A       98%         3
 Swiftness                Air            0%         N/A       98%         3
 Airstrike                Air            0%         N/A       100%        4
 Cause Fear               Hex            0%         N/A       100%        4
 Discord                  Hex            0%         N/A       100%        8


Dungeon Overview and Level Annotations

Branches:
Dungeon (6/15)
 Temple: D:4-7

Altars:

Annotations:
D:5 2 transporters


Innate Abilities, Weirdness & Mutations

You have razor-sharp teeth.
Your natural rate of healing is unusually fast.
When hurt, damage is shared between your health and your magic reserves.
Your bite disrupts and absorbs the magic of your enemies.
Potions cannot restore your health.


Message History

The howler monkey zombie completely misses you.
You hit the howler monkey zombie.
You destroy the howler monkey zombie!
A steam dragon comes into view.
The steam dragon hisses angrily.
The steam dragon breathes steam at you. The ball of steam hits you!!
Ouch! That really hurt!
You hear a shout!
You are engulfed in a cloud of scalding steam.
The steam dragon bites you. The steam dragon misses you.
You closely miss the steam dragon.
An orc comes into view. It is wielding a +0 club.
You hit the steam dragon.
The steam dragon is lightly wounded.
The steam dragon breathes steam at you. The ball of steam hits you!!
* * * LOW HITPOINT WARNING * * *
You hear a shout! x4
You hit the steam dragon but do no damage.
You bite the steam dragon. You drain its power.
You feel invigorated.
The steam dragon is moderately wounded.
You are engulfed in a cloud of scalding steam.
* * * LOW HITPOINT WARNING * * *
The steam dragon barely misses you. The steam dragon closely misses you.
You closely miss the steam dragon.
The steam dragon is moderately wounded.
You are engulfed in a cloud of scalding steam.
* * * LOW HITPOINT WARNING * * *
An orc comes into view. It is wielding a +0 dagger.
The steam dragon misses you.
The steam dragon claws you but does no damage.
The steam dragon breathes steam at you. The ball of steam misses you.
You hear a bark!
You hit the steam dragon but do no damage.
You bite the steam dragon. You drain its power.
You feel invigorated.
The steam dragon is heavily wounded.
You are engulfed in a cloud of scalding steam.
You die...

......# #..#
.# ...####
#..# .# .#
##.#
#..######.##.#
#.#
#............#
#.#
#..####...o..#
#.#
#..###..o....#
#.#
#............#
#.#
#..###§D.....#
#.# #..#
#§@....## #.#
#..# #§#....#
#..# #§####.#
#..# #.# #
#.......Y?
#....(.###
#..##### ...#
#..##


You could see a steam dragon (catching breath) and 2 orcs.

Vanquished Creatures
  2 ice beasts
  A necrophage (D:5)
  2 sky beasts (D:6)
  2 centaurs
  A scorpion (D:6)
  A wyvern skeleton (D:6)
  A bullfrog zombie (D:5)
  A centaur skeleton (D:6)
  2 orc priests
  An iguana (D:5)
  An orc wizard (D:6)
  A howler monkey zombie (D:6)
  An ufetubus (D:6)
  10 orcs
27 creatures vanquished.

Notes
Turn   | Place    | Note
-------+----------+-------------------------------------------
     0 | D:5      | jejorda2 the Vine Stalker Delver began the quest for the
                  | Orb.
     0 | D:5      | Reached XP level 1. HP: 11/11 MP: 2/2
   365 | D:5      | Found a transporter.
   365 | D:5      | Noticed a necrophage
   366 | D:5      | Noticed an ice beast
   389 | D:5      | Killed a necrophage
   390 | D:5      | Reached skill level 1 in Armour
   390 | D:5      | Reached XP level 2. HP: 5/16 MP: 1/3
   390 | D:5      | Reached XP level 3. HP: 6/20 MP: 1/4
   390 | D:5      | Gained mutation: Your natural rate of healing is unusually
                  | fast. [Vine Stalker growth]
   390 | D:5      | Reached XP level 4. HP: 8/24 MP: 1/5
   445 | D:5      | Killed an ice beast
   446 | D:5      | Reached XP level 5. HP: 16/28 MP: 1/6
   633 | D:5      | Found a transporter.
   659 | D:5      | Reached XP level 6. HP: 33/33 MP: 5/7
   967 | D:6      | Noticed a sky beast
   980 | D:6      | Killed a sky beast
   981 | D:6      | Reached XP level 7. HP: 27/37 MP: 5/8
  1075 | D:6      | Reached skill level 5 in Short Blades
  1791 | D:6      | Gained mutation: You have razor-sharp teeth. [Vine Stalker
                  | growth]
  1791 | D:6      | Reached XP level 8. HP: 32/42 MP: 6/9
  1807 | D:6      | HP: 1/42 [steam dragon] (2)]
  1811 | D:6      | Engulfed by a steam dragon's steam

Illustrated notes

Levels and vault maps discovered:
D:4:      layout_basic, uniq_natasha
D:5:      gammafunk_steamed_eel, layout_loops_ring, uniq_edmund
D:6:      layout_loops_ring

Skill      XL: |  1  2  3  4  5  6  7 |
---------------+----------------------+-----
Fighting       | 3 4 |  4.8
Short Blades   | 3 4 6 |  6.0
Armour         | 1 2 3 |  3.4
Dodging        | |  1.5
Stealth        | |  6.0

Action                   |  1- 3 |  4- 6 |  7- 9 || total
-------------------------+-------+-------+-------++-------
Melee: Short sword       |     4 |    90 |   112 ||   206
       Bite              |     3 |    27 |    40 ||    70
Throw: Javelin           |     5 |     1 |       ||     6
       Throwing net      |       |     1 |       ||     1
       Stone             |       |       |     2 ||     2
  Use: Scroll            |     3 |     2 |       ||     5
 Stab: Distracted        |       |     1 |       ||     1
       Sleeping          |       |     1 |     1 ||     2
Armor: Ring mail         |     1 |    19 |    14 ||    34
       Scale mail        |       |       |    25 ||    25
Dodge: Dodged            |     1 |    35 |    60 ||    96
